Map: Prion Terraces

Players

Couguar - Winner!

  • Race: Protoss Protoss
  • League: Master

Miszu

  • Race: Terran Terran
  • League: Master

VOD

Have the link to the VOD?

Description

Time

  • Played on: March 20, 2016, 8:36 a.m.
  • Length: 6:25
Show
View Real Time Build Order
Export as new Build Order

Couguar Protoss - Winner!

Build Orders: 1 Gate Expand 

Get SALT Encoding   

  12  0:01  Probe (Chrono Boost)  
  13  0:12  Probe (Chrono Boost)  
  14  0:17  Pylon  
  14  0:22  Probe (Chrono Boost)  
  16  0:35  Probe (Chrono Boost)  
  16  0:36  Gateway  
  16  0:42  Assimilator  
  16  0:46  Probe (Chrono Boost)  
  17  0:57  Probe (Chrono Boost)  
  18  1:08  Probe (Chrono Boost)  
  19  1:19  Nexus  
  19  1:24  Probe (Chrono Boost)  
  20  1:32  Cybernetics Core  
  20  1:35  Probe (Chrono Boost)  
  21  1:42  Assimilator  
  21  1:45  Probe (Chrono Boost)  
  22  1:51  Pylon  
  22  1:56  Probe (Chrono Boost)  
  23  2:09  Adept  
  23  2:11  Warp Gate  
  23  2:12  Probe (Chrono Boost)  
  26  2:22  Robotics Facility  
  26  2:24  Probe (Chrono Boost)  
  27  2:31  Probe (Chrono Boost)  
  28  2:41  Adept  
  28  2:44  Probe (Chrono Boost)  
  31  2:46  Probe (Chrono Boost)  
  32  2:52  Pylon  
  32  2:54  Probe (Chrono Boost)  
  33  2:58  Probe (Chrono Boost)  
  33  3:05  Probe (Chrono Boost)  
  35  3:12  Mothership Core (Chrono Boost)  
  38  3:13  Observer  
  38  3:23  Probe (Chrono Boost)  
  39  3:27  Forge  
  39  3:28  Twilight Council  
  39  3:29  Pylon  
  39  3:30  Pylon  
  39  3:32  Probe (Chrono Boost)  
  39  3:34  Probe (Chrono Boost)  
  41  3:35  Gateway  
  42  3:41  Observer  
  42  3:45  Probe x2 (Chrono Boost)  
  44  3:48  Pylon  
  44  3:50  Pylon  
  44  3:55  Gateway, Protoss Ground Weapons Level 1 (Chrono Boost)  
  44  3:58  Gateway  
  44  4:10  Probe  
  44  4:12  Probe  
  44  4:13  Resonating Glaives (Chrono Boost)  
  46  4:17  Assimilator  
  46  4:19  Assimilator  
  46  4:20  Gateway  
  46  4:29  Gateway  
  46  4:31  Warp Prism  
  46  4:38  Gateway, Probe  
  48  4:39  Probe  
  50  4:51  Adept  
  51  4:56  Adept  
  51  4:57  Adept  
  55  5:02  Dark Shrine  
  55  5:04  Adept  
  55  5:06  Probe x2  
  59  5:22  Probe x2  
  59  5:25  Pylon  
  59  5:27  Pylon  
  61  5:30  Adept x4  
  61  5:33  Adept  
  61  5:34  Adept  
  73  5:54  Adept x6  
  73  5:55  Adept  
  85  6:17  Dark Templar x3  
Show
View Real Time Build Order
Export as new Build Order

Miszu Terran 

Build Orders: Command Center First (CC), MMM Bio 

Get SALT Encoding   

  12  0:00  SCV  
  13  0:13  SCV  
  14  0:20  Supply Depot  
  14  0:25  SCV  
  15  0:42  SCV  
  16  0:54  SCV  
  17  1:01  Command Center  
  17  1:06  SCV  
  18  1:18  SCV  
  19  1:19  Barracks  
  19  1:30  SCV  
  20  1:33  Barracks  
  20  1:42  SCV  
  21  1:54  SCV  
  21  1:56  Barracks  
  22  2:07  Orbital Command  
  22  2:08  Marine  
  23  2:13  Orbital Command  
  23  2:20  Marine  
  24  2:26  Marine  
  25  2:30  Refinery  
  25  2:32  Refinery  
  25  2:33  SCV  
  26  2:39  SCV  
  26  2:42  Marine  
  26  2:44  Marine x2  
  28  2:45  SCV  
  28  2:48  Supply Depot  
  28  2:50  Supply Depot  
  28  2:51  SCV  
  32  2:57  SCV  
  33  3:00  Marine  
  33  3:03  Barracks Tech Lab, SCV  
  33  3:04  Marine  
  36  3:09  SCV  
  37  3:14  Supply Depot  
  37  3:15  SCV  
  38  3:21  SCV  
  38  3:25  Marine x2  
  38  3:26  Marine, Stimpack  
  42  3:27  SCV  
  42  3:34  SCV  
  44  3:36  Supply Depot  
  44  3:39  SCV  
  45  3:43  Marine  
  45  3:45  Marine  
  45  3:46  Marine, SCV  
  49  3:49  Factory  
  49  3:50  Refinery  
  49  3:51  SCV  
  50  3:58  SCV  
  50  3:59  Supply Depot  
  50  4:00  Marine  
  50  4:01  Engineering Bay  
  52  4:03  Marine x2, SCV  
  55  4:10  SCV  
  55  4:15  SCV  
  57  4:22  Supply Depot, SCV  
  59  4:26  Barracks Reactor  
  59  4:27  Barracks Tech Lab, SCV  
  59  4:33  Starport  
  59  4:34  SCV  
  59  4:36  Factory Reactor  
  59  4:37  Barracks x2  
  60  4:38  Refinery  
  60  4:40  Marauder, SCV  
  60  4:45  Supply Depot  
  63  4:46  SCV  
  63  4:48  Marauder, Combat Shields  
  63  4:52  SCV  
  67  5:07  Supply Depot x2, Marine x2, Marauder  
  71  5:17  Marine, SCV  
  71  5:20  Medivac  
  71  5:21  Medivac  
  77  5:25  Marine  
  77  5:27  Concussive Shells  
  79  5:29  Supply Depot, Marauder  
  79  5:30  Supply Depot  
  79  5:32  Barracks Reactor  
  79  5:35  Marine, Barracks Tech Lab, Marauder  
  83  5:43  Marine  
  84  5:50  Marauder  
  84  5:53  Marine  
  90  6:00  Marine  
Tags
 
Add a new tag
Caveats
  • Supply blocks, unpowered buildings, or Contaminate may cause inaccurate times.
  • Supply counts are checked every 10 seconds.